AoeStats
← MataLokas4216

MegaRandom

510920988Analyzed
3v3 RM · 19h ago on Oct 3, 2026· 54m 6s· 6 players
Game mode
Random Map
Map size
Normal (6 player)
Population
200
Speed
Normal
Resources
Standard
Victory
Conquest
Starting age
Dark Age
Ending age
Imperial Age
RankedLock teamsTeams togetherTeam positionsShared explorationLock speedFull tech treeHidden civsTurbo modeCheats
Victory
Defeat
🇨🇴 Hindustanis · Colombia
915
+13
🇨🇴 Slavs · Colombia
909
+13
🇵🇦 Georgians · Panama
894
+14
🇺🇸 Franks · United States
1000
-59
🇺🇸 Vietnamese · United States
881
-15
🇺🇸 Bulgarians · United States
648
-6
King David
0:29 Loom
11:11 Feudal Age
12:10 Double-Bit Axe
20:17 Horse Collar
25:59 Castle Age
24:01 Stone Mining
24:02 Gold Mining
25:20 Padded Archer Armor
25:22 Scale Mail Armor
25:23 Padded Archer Armor
26:23 Crossbowman
28:16 Forging
42:11 Pikeman
Gregnis Khan
0:51 Loom
11:14 Feudal Age
11:42 Double-Bit Axe
13:20 Town Watch
19:47 Wheelbarrow
20:39 Horse Collar
21:31 Fletching
27:24 Scale Mail Armor
30:58 Castle Age
30:36 Forging
40:27 Stone Mining
43:03 Bodkin Arrow
Duke ThunderEnd III
0:41 Loom
13:27 Feudal Age
14:08 Double-Bit Axe
18:17 Man-at-Arms
25:27 Arson
29:31 Castle Age
28:19 Scale Mail Armor
28:39 Gold Mining
28:42 Stone Mining
31:29 Chain Mail Armor
30:37 Long Swordsman
31:24 Gambesons
33:09 Forging
34:09 Iron Casting
33:00 Pikeman
33:45 Squires
33:10 Elite Skirmisher
MataLokas4216
9:56 Feudal Age
9:55 Loom
11:03 Double-Bit Axe
17:29 Fletching
24:13 Castle Age
24:36 Elite Skirmisher
34:39 Stone Mining
34:39 Gold Mining
35:56 Horse Collar
42:49 Imperial Age
41:58 Ballistics
41:33 Murder Holes
41:55 Forging
41:40 Bodkin Arrow
42:45 Heavy Plow
42:59 Bow Saw
44:36 Wheelbarrow
45:00 Grand Trunk Road
46:44 Gold Shaft Mining
47:45 Two-Man Saw
49:00 Stone Shaft Mining
49:52 Spies/Treason
51:20 Heavy Camel Rider
nacho.joyita
7:30 Loom
9:59 Feudal Age
11:48 Double-Bit Axe
15:06 Wheelbarrow
17:44 Castle Age
20:53 Town Watch
24:41 Hand Cart
25:31 Town Patrol
32:39 Bow Saw
32:25 Gold Mining
32:35 Stone Mining
33:29 Scale Barding Armor
33:35 Forging
36:28 Chain Barding Armor
36:44 Iron Casting
41:21 Imperial Age
40:01 Horse Collar
46:00 Elite Monaspa
48:24 Stone Shaft Mining
48:03 Heavy Plow
Salvatoremancuso
9:45 Feudal Age
10:43 Double-Bit Axe
19:45 Castle Age
18:51 Forging
19:16 Horse Collar
21:57 Iron Casting
20:52 Elite Skirmisher
23:23 Bow Saw
32:59 Detinets
33:28 Heavy Plow
34:28 Scale Barding Armor
35:43 Chain Barding Armor
39:27 Wheelbarrow
38:37 Loom
40:50 Town Watch
41:21 Hand Cart
46:34 Imperial Age
44:16 Town Patrol
46:52 Elite Boyar
49:02 Chemistry
50:33 Plate Barding Armor
54:40 Blast Furnace
54:02 Murder Holes
54:18 Fortified Wall
54:14 Siege Engineers
54:19 Masonry
54:00 Guard Tower
54:31 Ballistics
Connection lost

Rejoining the realm…

Still unreachable

The connection could not be restored.

Session expired

The server has moved on; the page needs a fresh start.